 Dungeon Crawl Stone Soup version 0.28-b1-25-g9875b3fc8c (webtiles) character file.

Game seed: 14056058330185059358

17 pkoi the Slasher (level 2, -5/25 HPs)
             Began as a Minotaur Gladiator on Feb 1, 2022.
             Slain by a gnoll (6 damage)
             ... on level 1 of the Dungeon.
             The game lasted 00:00:24 (484 turns).

pkoi the Slasher (Minotaur Gladiator)                Turns: 484, Time: 00:00:25

Health: -5/25      AC:  4    Str: 18    XL:     2   Next: 44%
Magic:  1/1        EV: 12    Int:  5    God:
Gold:   24         SH:  0    Dex: 11    Spells: 1/1 levels left

rFire   . . .      SeeInvis .   a - +0 long sword
rCold   . . .      Faith    .   (no shield)
rNeg    . . .      Spirit   .   b - +0 leather armour
rPois   .          Reflect  .   c - +1 hat
rElec   .          Harm     .   (no cloak)
rCorr   .          Rampage  .   (no gloves)
Will    .....                   (no boots)
Stlth   +.........              (no amulet)
HPRegen 0.08/turn               (no ring)
MPRegen 0.07/turn               (no ring)

@: no status effects
A: horns 2, retaliatory headbutt
a: no special abilities


You were on level 1 of the Dungeon.
You visited 1 branch of the dungeon, and saw 1 of its levels.

You collected 24 gold pieces.

Inventory:

Hand Weapons
 a - a +0 long sword (weapon)
Missiles
 d - 3 throwing nets (quivered)
Armour
 b - a +0 leather armour (worn)
 c - a +1 hat (worn)
Jewellery
 e - an amulet of regeneration
Potions
 g - 2 potions of attraction {unknown}


   Skills:
 - Level 2.4 Fighting
 + Level 4.7 Long Blades
 - Level 2.0 Throwing
 - Level 3.2 Dodging


You had one spell level left.
You didn't know any spells.
Your spell library was empty.

Dungeon Overview and Level Annotations

Branches:
Dungeon (1/15)

Altars:


Innate Abilities, Weirdness & Mutations

You have a pair of horns on your head.
You reflexively headbutt those who attack you in melee.


Message History

You are frozen.
The gnoll barely misses you.
You hit the endoplasm.
You kill the endoplasm!
A nearby plant withers and dies.
The goblin barely misses you. The gnoll barely misses you.
You closely miss the goblin. Your headbutt misses the goblin.
The goblin hits you with a +0 club. The gnoll barely misses you.
The goblin hits you with a +0 club.
You are too injured to fight recklessly!
You are too injured to fight recklessly!
You are too injured to fight recklessly!
You are too injured to fight recklessly!
You are too injured to fight recklessly!
You are too injured to fight recklessly!
You are too injured to fight recklessly!
You are too injured to fight recklessly!
You are too injured to fight recklessly!
You are too injured to fight recklessly!
You are too injured to fight recklessly!
You are too injured to fight recklessly!
You are too injured to fight recklessly!
You are too injured to fight recklessly!
You are too injured to fight recklessly!
You are too injured to fight recklessly!
You are too injured to fight recklessly!
You are too injured to fight recklessly!
The gnoll hits you with a +0 spear.
* * * LOW HITPOINT WARNING * * *
The goblin misses you. You furiously retaliate!
You headbutt the goblin.
You kill the goblin!
Things that are here:
a +0 dagger; a goblin corpse You hit the gnoll.
Your headbutt misses the gnoll.
The gnoll is heavily wounded.
The gnoll hits you with a +0 spear.
* * * LOW HITPOINT WARNING * * *
You barely miss the gnoll.
The gnoll is heavily wounded.
The gnoll hits you with a +0 spear.
You die...

##.......##.#
#(..........##
#....P........
#............#
##.P..........#
#....P...P....#
#..P...g.......
#......@)...#
#.#.....†...#
#...###.###.# #
##
###.###.###.#
#. #.
#....#....#
#.#.#
#####.##### ...
#.###########
#.#
#...........##
#.
#.########...##
##


You could see a gnoll.

Vanquished Creatures
  3 ball pythons (D:1)
  2 endoplasms (D:1)
  A giant cockroach (D:1)
  4 goblins (D:1)
  2 hobgoblins (D:1)
  A bat (D:1)
  A kobold (D:1)
14 creatures vanquished.

Vanquished Creatures (others)
  11 plants (D:1)
11 creatures vanquished.

Grand Total: 25 creatures vanquished

Notes
Turn   | Place    | Note
-------+----------+-------------------------------------------
     0 | D:1      | pkoi the Minotaur Gladiator began the quest for the Orb.
     0 | D:1      | Reached XP level 1. HP: 18/18 MP: 0/0
   161 | D:1      | Reached skill level 4 in Long Blades
   287 | D:1      | Reached XP level 2. HP: 25/25 MP: 1/1
   483 | D:1      | HP: 1/25 [gnoll (6)]
   484 | D:1      | Slain by a gnoll

Illustrated notes

Levels and vault maps discovered:
D:1:      nicolae_arrival_memento_mori, layout_loops_ring,
          chequers_serial_rivers_micro_d, nicolae_grassy_gnolls

Skill      XL: |  1 |
---------------+----+-----
Long Blades    | 4 |  4.7
Fighting       | |  2.4
Throwing       | |  2.0
Dodging        | |  3.2

Action                   || total
-------------------------++-------
Melee: Long sword        ||    16
       Headbutt          ||     2
  Use: Scroll            ||     1
Armor: Leather armour    ||     3
Dodge: Dodged            ||    15
